 Dungeon Crawl Stone Soup version 0.18.1-50-g88ac8fd (webtiles) character file.

167 Naarciss the Conjurer (level 5, -2/28 HPs)
             Began as a Deep Elf Conjurer on Sept 25, 2016.
             Slain by Drunkenshrew's ghost (5 damage)
             ... on level 3 of the Dungeon.
             The game lasted 00:15:55 (2869 turns).

Naarciss the Conjurer (Deep Elf Conjurer)           Turns: 2869, Time: 00:15:56

Health: -2/28      AC:  2    Str:  5    XL:     5   Next: 23%
Magic:  1/14       EV: 19    Int: 26    God:
Gold:   20         SH:  0    Dex: 20    Spells: 4 memorised, 4 levels left

rFire  . . .     SeeInvis .     j - +0 dagger
rCold  . . .     Gourm    .     a - +0 robe
rNeg   + . .     Faith    .     (no shield)
rPois  .         Spirit   .     (no helmet)
rElec  .         Dismiss  .     (no cloak)
rCorr  .         Reflect  .     (no gloves)
SustAt .         Harm     .     (no boots)
MR     .....                    (no amulet)
Stlth  ++++......               (no ring)
                                i - ring of positive energy

@: brilliant, agile, not resistant to hostile enchantments, stealthy
A: no striking features
a: no special abilities


You were on level 3 of the Dungeon.
You were not hungry.

You visited 1 branch of the dungeon, and saw 3 of its levels.

You collected 20 gold pieces.

Inventory:

Hand Weapons
 j - a +0 dagger (weapon)
Armour
 a - a +0 robe (worn)
Jewellery
 i - a ring of positive energy (left hand)
Scrolls
 e - a scroll of identify
Potions
 f - a potion of lignification
Books
 b - a book of Conjurations

   Spells                             Type                      Level
   a - Magic Dart                     Conjuration                  1
   b - Searing Ray                    Conjuration                  2
   c - Dazzling Spray                 Conjuration/Hexes            3
   d - Fulminant Prism                Conjuration/Hexes            4
   e - Iskenderun's Mystic Blast      Conjuration                  4
   f - Iskenderun's Battlesphere      Conjuration/Charms           5
Comestibles
 c - 2 meat rations
 d - a beef jerky
 h - a bread ration


   Skills:
 + Level 3.2 Dodging
 + Level 3.2 Stealth
 * Level 5.0 Spellcasting
 * Level 5.7 Conjurations


You had 4 spell levels left.
You knew the following spells:

 Your Spells              Type           Power        Failure   Level  Hunger
a - Magic Dart            Conj           ####         1%          1    None
b - Searing Ray           Conj           ######       1%          2    None
c - Dazzling Spray        Conj/Hex       #####.       1%          3    #......
d - Iskenderun's Mystic   Conj           ######..     1%          4    ###....


Dungeon Overview and Level Annotations

Branches:
Dungeon (3/15)

Altars:

Annotations:
D:3 Drunkenshrew's ghost, amateur DrWn


Message History

Drunkenshrew's ghost is moderately damaged.
Drunkenshrew's ghost barely misses you. Drunkenshrew's ghost hits you.
Drunkenshrew's ghost is nearby!
Drink which item? (? for menu, Esc to quit)
You don't have any such object.
Drink which item? (? for menu, Esc to quit)
You don't have any such object.
Drink which item? (? for menu, Esc to quit)
Okay, then.
Drink which item? (? for menu, Esc to quit)
It was a potion of brilliance.
You feel clever all of a sudden. Drunkenshrew's ghost hits you.
* * * LOW HITPOINT WARNING * * *
Drink which item? (? for menu, Esc to quit)
It was a potion of agility.
You feel agile all of a sudden. Drunkenshrew's ghost hits you.
You die...

.. # #.. #. ## #.. ...
.. ## #.# .... .## ...#
#.# .....
..###.##...####.#
.?...g##............(..(
......W@.# ..........#
...#.###.#########.###..
#....######.##..#
####.....##....##
#####..###.### ##.#
#.... #.###....
######.##.....
#..............


You could see Drunkenshrew's ghost and a hobgoblin.

Vanquished Creatures
  6 adders (D:2)
  4 gnolls
  An ooze (D:1)
  A worm (D:2)
  4 dart slugs
  A giant gecko (D:2)
  4 giant cockroaches
  7 goblins
  9 hobgoblins
  5 jackals (D:1)
  4 kobolds
  A quokka (D:2)
  6 bats
  3 giant newts
  2 rats
58 creatures vanquished.

Notes
Turn   | Place    | Note
--------------------------------------------------------------
     0 | D:1      | Naarciss the Deep Elf Conjurer began the quest for the Orb.
     0 | D:1      | Reached XP level 1. HP: 10/10 MP: 6/6
    35 | D:1      | Noticed a polar bear
    35 | D:1      | Noticed a water moccasin
    35 | D:1      | Noticed a wyvern
    35 | D:1      | Noticed a hog
    79 | D:1      | Reached skill level 5 in Conjurations
    79 | D:1      | Reached XP level 2. HP: 3/15 MP: 1/8
   703 | D:1      | Reached XP level 3. HP: 19/19 MP: 8/10
   707 | D:1      | Learned a level 2 spell: Searing Ray
   711 | D:1      | Learned a level 3 spell: Dazzling Spray
  1422 | D:2      | Reached XP level 4. HP: 24/24 MP: 1/12
  2399 | D:2      | Reached XP level 5. HP: 28/28 MP: 9/14
  2438 | D:2      | Learned a level 4 spell: Iskenderun's Mystic Blast
  2704 | D:2      | Reached skill level 5 in Spellcasting
  2860 | D:3      | Noticed Drunkenshrew's ghost (amateur DrWn)
  2869 | D:3      | Slain by Drunkenshrew's ghost

Skill      XL: |  1  2  3  4  5 |
---------------+----------------+-----
Conjurations   | 5 |  5.7
Spellcasting   | 4 5 |  5.0
Stealth        | 3 |  3.2
Dodging        | 3 |  3.2

Action                   |  1- 3 |  4- 6 || total
-------------------------+-------+-------++-------
Melee: Dagger            |       |    16 ||    16
 Cast: Magic Dart        |    47 |    52 ||    99
       Searing Ray       |     4 |     3 ||     7
       Dazzling Spray    |     1 |    11 ||    12
  Use: Scroll            |       |     5 ||     5
       Potion            |       |     2 ||     2
 Stab: Invisible         |       |     1 ||     1
  Eat: Bread ration      |     1 |       ||     1
       Meat ration       |       |     1 ||     1
Armor: Robe              |     1 |     6 ||     7
Dodge: Dodged            |     2 |    17 ||    19
